 Dungeon Crawl Stone Soup version 0.31-a0-1169-gd935f9fcdc (webtiles) character file.

Game seed: 15159245785667774050

20986 GreatBamboolord the Mimic (level 12, -7/118 HPs)
             Began as a Troll Fighter on Dec 10, 2023.
             Was an Elder of Sif Muna.
             Mangled by an eight-headed hydra (11 damage)
             ... on level 2 of the Lair of Beasts.
             The game lasted 00:24:51 (11784 turns).

GreatBamboolord the Mimic (Troll Fighter)          Turns: 11784, Time: 00:24:51

Health: -7/118     AC:  5    Str: 31    XL:     12   Next: 50%
Magic:  16/16      EV: 16    Int:  4    God:    Sif Muna [****..]
Gold:   228        SH:  0    Dex:  9    Spells: 11/11 levels left

rFire   . .          .
                       - Unarmed
rCold   . . .        b - melded +0 kite shield
rNeg    . . .        N - +0 acid dragon scales
rPois   +            (helmet restricted)
rElec   .            G - +2 cloak {rCorr}
rCorr   +            (gloves unavailable)
SInv    .            (boots unavailable)
Will    .....        K - amulet of regeneration
Stlth   +            w - +5 ring of evasion
HPRegen 1.99/turn    t - ring of poison resistance
MPRegen 0.15/turn

%: no passive effects
@: blade hands
A: large, unfitting armour, (claws 3), regeneration 1, shaggy fur 1, tough skin
1
a: Begin Untransformation, Renounce Religion, Channel Magic, Forget Spell,
Divine Exegesis


You were on level 2 of the Lair of Beasts.
You worshipped Sif Muna.
Sif Muna was greatly pleased with you.
You had blades for hands.
You visited 3 branches of the dungeon, and saw 14 of its levels.
You also visited: Ossuary and Bailey.

You collected 954 gold pieces.
You spent 726 gold pieces at shops.

Inventory:

Missiles
 H - 4 throwing nets (quivered)
Armour
 b - a +0 kite shield (melded)
 F - +0 steam dragon scales
 G - a +2 cloak of preservation (worn)
 N - +0 acid dragon scales (worn)
Jewellery
 h - a +6 ring of strength
 t - a ring of poison resistance (right blade hand)
 w - a +5 ring of evasion (left blade hand)
 y - a ring of willpower
 D - an amulet of the acrobat
 J - the ring of Ybal {rElec rF+++ rC- Will- MP+9}
   (You bought it in a shop on level 10 of the Dungeon)

   [ring of magical power]

   rF+++:     It renders you almost immune to fire.
   rC-:       It makes you vulnerable to cold.
   rElec:     It insulates you from electricity.
   Will-:     It decreases your willpower.
   MP+9:      It affects your magic capacity (+9).
 K - an amulet of regeneration (around neck)
 R - a ring of fire
Talismans
 E - a blade talisman (active)
Wands
 q - a wand of flame (28)
 L - a wand of light (2)
 S - a wand of iceblast (5)
Scrolls
 d - a scroll of torment
 f - 3 scrolls of enchant armour
 g - a scroll of blinking {unknown}
 i - 3 scrolls of revelation
 k - 5 scrolls of amnesia
 m - 2 scrolls of poison
 n - 4 scrolls of noise
 o - a scroll of vulnerability {unknown}
 p - 7 scrolls of teleportation
 r - 4 scrolls of enchant weapon
 B - a scroll of fear
 C - a scroll of fog {unknown}
 I - a scroll of summoning {unknown}
 M - a scroll of silence
 Q - a scroll of brand weapon {unknown}
 U - a scroll of identify
Potions
 a - 3 potions of brilliance
 c - 2 potions of might
 e - a potion of lignification
 l - 2 potions of mutation {unknown}
 s - 7 potions of curing
 u - 4 potions of invisibility {unknown}
 v - a potion of resistance {unknown}
 x - 2 potions of berserk rage {unknown}
 z - 2 potions of enlightenment {unknown}
 O - a potion of attraction {unknown}
 P - a potion of haste {unknown}
 T - a potion of cancellation {unknown}
Miscellaneous
 j - a condenser vane


   Skills:
 + Level 7.4 Fighting
 + Level 7.4 Dodging
 - Level 7.2 Shields
 + Level 8.4 Unarmed Combat
 * Level 7.2 Invocations
 + Level 10.5 Shapeshifting


You had 11 spell levels left.
You didn't know any spells.
Your spell library contained the following spells:

 Spells                   Type           Power      Damage    Failure   Level
 Summon Forest            Summ/Tloc      0%         N/A       100%        5
 Conjure Ball Lightning   Conj/Air       0%         3x3d6     100%        6
 Eringya's Noxious Bog    Tmut/Pois      0%         4d6       100%        6
 Summon Hydra             Summ           0%         N/A       100%        7
 Discord                  Hex            0%         N/A       100%        8
 Disjunction              Tloc           0%         N/A       100%        8
 Chain Lightning          Conj/Air       0%         N/A       100%        9
 Fire Storm               Conj/Fire      0%         5d1       100%        9
 Shatter                  Erth           0%         3d5*      100%        9


Dungeon Overview and Level Annotations

Branches:
Dungeon (11/15)            Temple (1/1) D:7            Lair (2/5) D:11
    Orc (0/2) D:9         Ossuary (visited)          Bailey (visited)
  Swamp: Lair:2-3    Shoals: Lair:2-3     Snake: Lair:2-3    Spider: Lair:2-3

Altars:
Ashenzari
Cheibriados
Dithmenos
Elyvilon
Fedhas
Gozag
Hepliaklqana
Kikubaaqudgha
Makhleb
Nemelex Xobeh
Okawaru
Qazlal
Ru
Sif Muna
Trog
Uskayaw
Vehumet
Wu Jian
Xom
Yredelemnul
Zin
The Shining One

Shops:
D:4 !   D:10 ?*[:

Annotations:
D:10 2 transporters
Lair:1 1 runed translucent door


Innate Abilities, Weirdness & Mutations

You have blades for hands.
You are incapable of wielding weapons or throwing items.
You are too large for most types of armour.
((You have claws for hands.))
Your natural rate of healing is unusually fast.
You are covered in fur. (AC +1)
You have tough skin. (AC +1)


Message History

The eight-headed hydra barely misses you.
The eight-headed hydra bites you!
The eight-headed hydra barely misses you.
The eight-headed hydra bites you.
The eight-headed hydra completely misses you. x2
The eight-headed hydra bites you! x2
You barely miss the eight-headed hydra.
The eight-headed hydra is heavily wounded.
The eight-headed hydra bites you.
The eight-headed hydra bites you but does no damage.
The eight-headed hydra bites you!
* * * LOW HITPOINT WARNING * * *
The eight-headed hydra bites you.
* * * LOW HITPOINT WARNING * * *
The eight-headed hydra bites you!
* * * LOW HITPOINT WARNING * * *
The eight-headed hydra closely misses you.
The eight-headed hydra bites you.
* * * LOW HITPOINT WARNING * * *
The eight-headed hydra bites you!
* * * LOW HITPOINT WARNING * * *
Okay, then.
You feel much better. The eight-headed hydra misses you. x2
The eight-headed hydra bites you.
* * * LOW HITPOINT WARNING * * *
The eight-headed hydra misses you.
The eight-headed hydra bites you but does no damage. x2
The eight-headed hydra barely misses you. x2
Okay, then.
You slice the eight-headed hydra!!
The eight-headed hydra is almost dead.
The eight-headed hydra barely misses you.
The eight-headed hydra completely misses you. x2
The eight-headed hydra bites you!
* * * LOW HITPOINT WARNING * * *
The eight-headed hydra bites you!
* * * LOW HITPOINT WARNING * * *
The eight-headed hydra barely misses you.
The eight-headed hydra bites you!
You die...

#...... ?
.......#.
........#
.........###
............
#..>.......#
#P....<...D.##
#P........@.P#
#...........#
##..........##
..#........##
#..........P#
....P..#.#.##
.#.#...#.##
......#.###
.....P#..##


You could see an eight-headed hydra.

Vanquished Creatures
  A centaur warrior (D:8)
  A boulder beetle (D:11)
  A two-headed ogre (D:10)
  A death yak (Lair:1)
  Sonja (Lair:1)
  Amaemon (Lair:1)
  3 black mambas (Lair:1)
  Joseph (D:10)
  A torpor snail (Lair:1)
  3 cane toads (Lair:1)
  2 gargoyles (D:11)
  A rime drake (Lair:1)
  Jeremiah (D:6)
  3 komodo dragons (Lair:1)
  2 unseen horrors (D:10)
  A kobold demonologist (D:11)
  Psyche (D:10)
  A polar bear (Lair:1)
  2 trolls (D:11)
  2 wraiths
  A water elemental (D:11)
  2 wyverns
  20 yaks
  2 basilisks
  Eustachio (D:5)
  3 vampire mosquitoes (D:10)
  2 steam dragons
  An acid dragon (D:10)
  6 water moccasins
  15 orc warriors
  3 ogres
  2 ice beasts (D:7)
  10 centaurs
  A sky beast (D:6)
  2 wolves (D:11)
  3 phantoms
  3 kobold brigands
  5 bullfrogs
  3 scorpions
  13 killer bees
  5 howler monkeys
  3 electric eels (D:11)
  2 human zombies (Ossuary)
  3 jellies
  Crazy Yiuf (D:2)
  9 hounds
  2 gnoll boudas
  3 orc priests
  5 orc wizards
  4 iguanas
  4 mummies (Ossuary)
  17 gnolls
  12 adders
  2 white imps (D:7)
  2 ufetubi (D:6)
  An adder zombie (Ossuary)
  4 worms
  62 orcs
  9 ball pythons
  2 bats (D:1)
  5 endoplasms
  3 giant cockroaches
  2 gnoll zombies (Ossuary)
  6 goblins
  3 hobgoblins
  3 jackals (D:1)
  4 quokkas
  2 frilled lizards (D:1)
  3 goblin zombies (Ossuary)
  2 hobgoblin zombies (Ossuary)
  A jackal zombie (Ossuary)
  26 kobolds
  8 rats
  A rat zombie (Ossuary)
349 creatures vanquished.

Vanquished Creatures (collateral kills)
  An orange demon (Lair:1)
1 creature vanquished.

Vanquished Creatures (others)
  A howler monkey (D:6)
1 creature vanquished.

Grand Total: 351 creatures vanquished

Notes
Turn   | Place    | Note
-------+----------+-------------------------------------------
     0 | D:1      | GreatBamboolord the Troll Fighter began the quest for the
                  | Orb.
     0 | D:1      | Reached XP level 1. HP: 22/22 MP: 0/0
   283 | D:1      | Reached XP level 2. HP: 29/29 MP: 1/1
   949 | D:2      | Reached XP level 3. HP: 36/36 MP: 2/2
  1029 | D:2      | Found a runed translucent door.
  1077 | D:2      | Noticed Crazy Yiuf
  1370 | D:2      | Found a faded altar of an unknown god.
  1949 | D:3      | Reached XP level 4. HP: 36/44 MP: 3/3
  2369 | D:3      | Found a broken altar of Ashenzari.
  2504 | D:4      | Reached XP level 5. HP: 53/53 MP: 4/4
  2515 | D:4      | Found a sand-covered staircase.
  2521 | Ossuary  | Entered an ossuary
  2714 | Ossuary  | Reached XP level 6. HP: 57/61 MP: 5/5
  2873 | D:4      | Found Muhior's Distillery.
  2885 | D:4      | Bought a potion of curing for 33 gold pieces
  2885 | D:4      | Bought 2 potions of heal wounds for 110 gold pieces
  2885 | D:4      | Bought a potion of heal wounds for 55 gold pieces
  3307 | D:5      | Entered Level 5 of the Dungeon
  3311 | D:5      | Noticed Eustachio
  3324 | D:5      | Killed Eustachio
  3325 | D:5      | Reached XP level 7. HP: 58/70 MP: 6/6
  3394 | D:5      | Found a blossoming altar of Fedhas.
  4009 | D:6      | Noticed a steam dragon
  4019 | D:6      | Killed a steam dragon
  4020 | D:6      | Reached skill level 5 in Shields
  4020 | D:6      | Reached skill level 5 in Unarmed Combat
  4020 | D:6      | Reached XP level 8. HP: 54/79 MP: 7/7
  4417 | D:6      | Reached skill level 5 in Dodging
  4501 | D:6      | Reached skill level 5 in Fighting
  4541 | D:6      | Noticed Jeremiah
  4574 | D:6      | Killed Jeremiah
  4987 | D:2      | Killed Crazy Yiuf
  5155 | D:7      | Reached XP level 9. HP: 88/88 MP: 8/8
  5187 | D:7      | Found a flagged portal.
  5237 | D:7      | Found a staircase to the Ecumenical Temple.
  5246 | Temple   | Entered the Ecumenical Temple
  5317 | Temple   | Became a worshipper of Sif Muna the Loreminder
  5444 | Bailey   | Entered a bailey
  5575 | Bailey   | Reached skill level 1 in Invocations
  5915 | Bailey   | Reached * piety under Sif Muna
  6075 | Bailey   | Reached XP level 10. HP: 98/98 MP: 11/11
  7441 | D:8      | Noticed a centaur warrior
  7450 | D:8      | Killed a centaur warrior
  7451 | D:8      | Reached skill level 5 in Invocations
  7951 | D:9      | Reached ** piety under Sif Muna
  7952 | D:9      | Found a staircase to the Orcish Mines.
  7992 | D:9      | Reached skill level 1 in Shapeshifting
  8045 | D:9      | Reached skill level 2 in Shapeshifting
  8138 | D:9      | Reached skill level 3 in Shapeshifting
  8216 | D:9      | Reached skill level 4 in Shapeshifting
  8305 | D:9      | Identified the +1 leather armour of Wuhocow {Regen+}
  8427 | D:9      | Reached skill level 5 in Shapeshifting
  8685 | D:10     | Entered Level 10 of the Dungeon
  8690 | D:10     | Noticed a two-headed ogre
  8700 | D:10     | Killed a two-headed ogre
  8701 | D:10     | Reached XP level 11. HP: 57/107 MP: 13/13
  8800 | D:10     | Reached skill level 6 in Shapeshifting
  9090 | D:10     | Noticed a centaur warrior
  9091 | D:10     | Found a shadowy altar of Dithmenos.
  9091 | D:10     | Noticed a fire dragon
  9092 | D:10     | Found a sacrificial altar of Ru.
  9092 | D:10     | Found a transporter.
  9093 | D:10     | Found a bloodstained altar of Trog.
  9101 | D:10     | Found a transporter.
  9133 | D:10     | Noticed Psyche
  9140 | D:10     | Killed Psyche
  9141 | D:10     | Reached skill level 7 in Shapeshifting
  9152 | D:10     | Found Puharpha's Armour Boutique.
  9162 | D:10     | Reached *** piety under Sif Muna
  9263 | D:10     | Noticed Joseph
  9273 | D:10     | Killed Joseph
  9274 | D:10     | Reached skill level 8 in Shapeshifting
  9313 | D:10     | Found Qulir's Magic Scroll Emporium.
  9320 | D:10     | Bought a scroll of silence for 142 gold pieces
  9320 | D:10     | Bought a scroll of teleportation for 45 gold pieces
  9443 | D:10     | Found Xako's Assorted Antiques.
  9446 | D:10     | Bought a faintly glowing amber ring for 155 gold pieces
  9446 | D:10     | Identified the ring of Ybal {rElec rF+++ rC- Will- MP+9}
                  | (You bought it in a shop on level 10 of the Dungeon)
  9446 | D:10     | Bought a potion of curing for 93 gold pieces
  9446 | D:10     | Bought a scroll of teleportation for 93 gold pieces
  9581 | D:10     | Found Kappohyba's Book Shop.
  9820 | D:11     | Noticed a boulder beetle
  9852 | D:11     | Killed a boulder beetle
  9853 | D:11     | Reached skill level 9 in Shapeshifting
 10321 | D:11     | Reached skill level 10 in Shapeshifting
 10364 | D:11     | Found a staircase to the Lair.
 10544 | D:11     | Reached **** piety under Sif Muna
 10612 | Lair:1   | Entered Level 1 of the Lair of Beasts
 10616 | Lair:1   | Noticed Sonja
 10648 | Lair:1   | Killed Sonja
 10718 | Lair:1   | Noticed Amaemon
 10726 | Lair:1   | Killed Amaemon
 10727 | Lair:1   | Reached XP level 12. HP: 70/115 MP: 15/15
 10732 | Lair:1   | Noticed a death yak
 10989 | Lair:1   | Killed a death yak
 11342 | Lair:1   | Noticed a catoblepas
 11364 | Lair:1   | Found a runed translucent door.
 11776 | Lair:2   | Noticed an eight-headed hydra
 11784 | Lair:2   | HP: 4/118 [eight-headed hydra (12)]
 11784 | Lair:2   | Mangled by an eight-headed hydra

Illustrated notes

Levels and vault maps discovered:
D:1:      reono_arrival_mine, layout_basic
D:2:      layout_basic, basic_ecumenical_altar, uniq_crazy_yiuf_cottage
D:3:      layout_basic, mainiacjoe_overflow_alcove_1
D:4:      layout_loops_cross, serial_shops, shop, enter_ossuary_2
D:5:      layout_gridville, fedhas_altar_3, uniq_eustachio
D:6:      layout_basic, uniq_jeremiah
D:7:      layout_layer_cave, temple_hall, enter_bailey_2
D:8:      layout_loops_corners
D:9:      layout_loops_ring, hiddenorc2_lemuel
D:10:     layout_roguey, gammafunk_temple_overflow_arena, serial_shops,
          nicolae_shop_tiny_real_fake_doors, nicolae_lakefront_shop,
          kennysheep_mini_moat, shop, grunt_ogre_cave, grunt_ministairs_9,
          kennysheep_potato, uniq_psyche, uniq_joseph
D:11:     layout_loops_ring, erik_lair_island, minivault_26
Temple:   minmay_temple_bridge_d
Lair:1:   gammafunk_lair_enchanted_lake, layout_chaotic_city,
          grunt_megastairs_5, lemuel_fruit_tree, serial_bayou_shore_b,
          uniq_sonja, uniq_amaemon
Lair:2:   layout_cave_pods, elwin_shoals_entry_rooms,
          spider_nest_entry_web_field

Skill      XL: |  1  2  3  4  5  6  7  8  9 10 11 12 |
---------------+-------------------------------------+-----
Shields        | 3 4 5 6 7 |  7.2
Dodging        | 3 4 5 6 7 |  7.4
Fighting       | 3 4 5 6 7 |  7.4
Unarmed Combat | 3 4 5 6 7 8 |  8.4
Invocations    | 3 5 7 |  7.2
Shapeshifting  | 5 10 | 10.5

Action                     |  1- 3 |  4- 6 |  7- 9 | 10-12 || total
---------------------------+-------+-------+-------+-------++-------
  Melee: Unarmed           |   105 |   164 |   328 |   675 ||  1272
         Punch             |       |       |       |     3 ||     3
   Cast: Summon Hydra      |       |       |       |     1 ||     1
 Invoke: Divine Exegesis   |       |       |       |     1 ||     1
  Evoke: Wand              |       |       |       |     3 ||     3
    Use: Scroll            |       |     3 |     4 |    10 ||    17
         Potion            |       |       |       |     8 ||     8
   Stab: Sleeping          |     2 |     3 |       |       ||     5
 Armour: Robe              |    47 |   132 |    24 |       ||   203
         Steam dragon scal |       |       |   145 |   265 ||   410
         Acid dragon scale |       |       |       |   228 ||   228
         Skin              |       |       |       |    33 ||    33
  Dodge: Dodged            |    38 |   119 |   272 |   528 ||   957
  Block: Kite shield       |    28 |   127 |   224 |   317 ||   696
   Form: Blade             |       |       |       |     1 ||     1

Table legend: (Time is in decaauts)
 A = Elapsed time spent in this place.
 B = Non-inter-level travel time spent in this place.
 C = Inter-level travel time spent in this place.
 D = Time resting spent in this place.
 E = Time spent auto-exploring this place.
 F = Levels seen in this place.
 G = Mean time per level.
                   A        B        C        D        E       F      G
               +--------+--------+--------+--------+--------+-----+--------+
         Total |  11777 |  10732 |   1045 |    433 |   7218 |  16 |  736.1 |
       Dungeon |   9443 |   8582 |    861 |    130 |   6372 |  11 |  858.5 |
        Temple |    141 |      3 |    138 |      0 |      0 |   1 |  141.0 |
          Lair |   1178 |   1132 |     46 |    142 |    731 |   2 |  589.0 |
       Ossuary |    228 |    228 |      0 |      0 |    115 |   1 |  228.0 |
        Bailey |    785 |    785 |      0 |    161 |      0 |   1 |  785.0 |
               +--------+--------+--------+--------+--------+-----+--------+

Top non-repeatable levels by time:
  Lair:1: 1146 daAuts
    D:10: 1097 daAuts
     D:8: 1013 daAuts
     D:1: 950 daAuts
     D:2: 873 daAuts
     D:3: 855 daAuts
     D:6: 833 daAuts
    D:11: 821 daAuts
     D:9: 790 daAuts
  Bailey: 785 daAuts
     D:7: 781 daAuts
     D:5: 746 daAuts
     D:4: 680 daAuts
 Ossuary: 228 daAuts
  Temple: 141 daAuts
